AoeStats
← PALITOMAN

Lombardia

509224537Analyzed
3v3 RM · 7d ago on Sep 26, 2026· 68m 6s· 6 players
Game mode
Random Map
Map size
Normal (6 player)
Population
200
Speed
Normal
Resources
Standard
Victory
Conquest
Starting age
Dark Age
Ending age
Imperial Age
RankedLock teamsTeams togetherTeam positionsShared explorationLock speedFull tech treeHidden civsTurbo modeCheats
Victory
Defeat
🇦🇷 Magyars · Argentina
1141
+14
🇪🇸 Ethiopians · Spain
1112
+15
🇲🇽 Aztecs · Mexico
1080
+16
🇺🇸 Danes · United States
1100
-15
🇺🇸 Varangians · United States
1098
-15
🇺🇸 Saxons · United States
1087
-15
ELTRAVERO
8:34 Loom
10:52 Feudal Age
12:19 Wheelbarrow
11:31 Double-Bit Axe
18:21 Scale Barding Armor
20:29 Bloodlines
23:45 Castle Age
21:56 Gold Mining
23:46 Light Cavalry
24:26 Husbandry
24:33 Horse Collar
26:11 Chain Barding Armor
31:24 Fervor
32:08 Heavy Plow
34:13 Town Watch
36:09 Sanctity
41:46 Hand Cart
47:07 Imperial Age
45:21 Gold Shaft Mining
44:36 Stone Mining
45:00 Masonry
44:30 Treadmill Crane
44:41 Heated Shot
47:18 Fletching
47:28 Padded Archer Armor
47:51 Cavalier
51:39 Crop Rotation
51:43 Town Patrol
53:25 Conscription
54:32 Plate Barding Armor
53:53 Bodkin Arrow
55:13 Chemistry
55:01 Paladin
57:18 Bracer
63:19 Caravan
66:37 Bow Saw
66:53 Hussar
Stephen Ocka
0:27 Loom
10:33 Feudal Age
11:02 Double-Bit Axe
10:59 Horse Collar
16:23 Castle Age
16:29 Scale Mail Armor
16:45 Scale Mail Armor
16:56 Gold Mining
21:35 Town Watch
23:25 Wheelbarrow
26:17 Gold Shaft Mining
27:13 Fervor
30:47 Imperial Age
29:00 Chain Mail Armor
29:16 Forging
30:23 Arson
30:39 Squires
31:18 Iron Casting
32:03 Plate Mail Armor
31:57 Conscription
33:40 Blast Furnace
32:57 Hand Cart
33:38 Garland Wars
33:54 Fletching
35:39 Bodkin Arrow
37:54 Elite Jaguar Warrior
40:58 Town Patrol
41:58 Heavy Plow
42:17 Bow Saw
42:24 Bracer
46:16 Padded Archer Armor
47:46 Crop Rotation
47:22 Atlatl
47:50 Leather Archer Armor
48:01 Stone Mining
47:35 Elite Skirmisher
49:21 Redemption
55:08 Eagle Warrior
57:14 Stone Shaft Mining
56:24 Elite Eagle Warrior
57:51 Caravan
59:44 Chemistry
59:05 Ballistics
58:27 Treadmill Crane
58:53 Siege Engineers
58:13 Capped Ram
59:36 Siege Ram
60:29 Murder Holes
PALITOMAN
3:46 Loom
10:46 Feudal Age
15:35 Castle Age
14:57 Double-Bit Axe
17:04 Forging
17:42 Scale Mail Armor
17:36 Arson
29:29 Chain Mail Armor
34:15 Iron Casting
37:10 Horse Collar
39:46 Fletching
40:48 Royal Heirs
47:41 Imperial Age
49:40 Imperial Age
50:00 Wheelbarrow
52:49 Plate Mail Armor
53:42 Bow Saw
53:09 Capped Ram
55:56 Blast Furnace
56:23 Heavy Plow
56:38 Squires
58:58 Siege Ram
60:49 Hand Cart
59:56 Elite Shotel Warrior
62:08 Two-Man Saw
65:07 Conscription
64:48 Bodkin Arrow
ofdudesandmen
10:54 Feudal Age
12:55 Double-Bit Axe
14:04 Stone Mining
13:57 Horse Collar
16:05 Gold Mining
20:23 Castle Age
19:02 Forging
18:53 Scale Mail Armor
22:08 Wheelbarrow
21:58 Loom
22:36 Bow Saw
23:30 Iron Casting
23:11 Chain Mail Armor
26:11 Squires
28:42 Hand Cart
32:43 Squires
32:29 Arson
35:45 Imperial Age
32:40 Pikeman
37:34 Imperial Age
38:00 Fletching
37:47 Capped Ram
39:34 Plate Mail Armor
39:51 Town Watch
41:00 Masonry
42:53 Gold Shaft Mining
42:25 Town Patrol
43:15 Shield Wall
45:43 Bodkin Arrow
46:21 Ballistics
47:02 Chemistry
49:26 Conscription
50:14 Elite Varangian Guard
51:45 Halberdier
56:07 Heavy Plow
61:06 Hoardings
62:50 Crop Rotation
63:13 Capped Ram
67:45 Siege Ram
Fuzzy
2:54 Loom
10:58 Feudal Age
11:29 Double-Bit Axe
13:07 Horse Collar
18:26 Scale Mail Armor
18:38 Forging
22:21 Castle Age
21:11 Stone Mining
23:37 Squires
23:01 Pikeman
25:25 Squires
35:40 Stone Shaft Mining
34:56 Gold Mining
47:51 Wheelbarrow
49:57 Hand Cart
49:57 Bow Saw
52:13 Chain Mail Armor
55:29 Gold Mining
Kevinight
0:39 Loom
10:37 Feudal Age
17:14 Castle Age
24:34 Town Watch
25:08 Double-Bit Axe
26:29 Husbandry
26:40 Bloodlines
27:30 Forging
29:04 Scale Mail Armor
29:39 Iron Casting
29:50 Iron Casting
30:54 Chain Mail Armor
30:55 Vendel Legacy
32:26 Bow Saw
33:09 Scale Barding Armor
34:28 Wheelbarrow
35:39 Chain Barding Armor
50:25 Imperial Age
50:43 Hand Cart
51:46 Plate Barding Armor
51:18 Elite Jarl
53:24 Conscription
55:14 Blast Furnace
55:46 Town Patrol
60:07 Town Patrol
61:55 Chemistry
Connection lost

Rejoining the realm…

Still unreachable

The connection could not be restored.

Session expired

The server has moved on; the page needs a fresh start.